 Dungeon Crawl Stone Soup version 0.24-a0-584-g9d6b971ae4 (webtiles) character file.

Game seed: 18056366168341188677, levelgen mode: deterministic

217 GordonOverkill the Firebug (level 5, -10/38 HPs)
             Began as a Barachi Fire Elementalist on Aug 30, 2019.
             Mangled by a crocodile (12 damage)
             ... in a sewer.
             The game lasted 00:11:01 (3333 turns).

GordonOverkill the Firebug (BaFE)                   Turns: 3333, Time: 00:11:02

Health: -10/38     AC:  1    Str:  9    XL:     5   Next: 94%
Magic:  1/9        EV: 13    Int: 17    God:
Gold:   149        SH:  0    Dex: 12    Spells: 6/10 levels left

rFire    . . .     SeeInvis .   q - +1 dagger (venom)
rCold    . . .     Gourm    .   (no shield)
rNeg     + . .     Faith    .   (no armour)
rPois    .         Spirit   .   (no helmet)
rElec    .         Reflect  .   (no cloak)
rCorr    .         Harm     .   e - +0 pair of gloves
MR       +....                  (no boots)
Stlth    ++........             (no amulet)
HPRegen  0.12/turn              j - ring of protection from magic
MPRegen  0.11/turn              k - ring of positive energy

@: can't hop, slow
A: +LOS, swims, slowness 1, strong legs 1
a: Hop


You were in a sewer.
You were not hungry.

You visited 1 branch of the dungeon, and saw 3 of its levels.
You also visited: Sewer.

You collected 149 gold pieces.

Inventory:

Hand Weapons
 q - a +1 dagger of venom (weapon)
Missiles
 f - 72 stones (quivered)
Armour
 e - a +0 pair of gloves (worn)
Jewellery
 j - a ring of protection from magic (left hand)
 k - a ring of positive energy (right hand)
Potions
 d - a potion of cancellation
 l - 2 potions of flight
 r - a potion of lignification {unknown}
Comestibles
 s - 6 rations


   Skills:
 + Level 2.2 Fighting
 + Level 3.2 Dodging
 + Level 2.6 Stealth
 + Level 3.0 Spellcasting
 * Level 3.4 Conjurations
 - Level 4.0 Fire Magic


You had 6 spell levels left.
You knew the following spells:

 Your Spells              Type           Power        Failure   Level  Hunger
a - Flame Tongue          Conj/Fire      ###..        3%          1    None
b - Conjure Flame         Conj/Fire      ###.....     12%         3    ###....

Your spell library contained the following spells:

 Spells                   Type           Power        Failure   Level  Hunger
 Throw Flame              Conj/Fire      ###...       6%          2    ##.....
 Inner Flame              Hex/Fire       #.......     22%         3    ###....
 Sticky Flame             Conj/Fire      ###.....     36%         4    ####...
 Fireball                 Conj/Fire      ###.......   71%         5    ######.


Dungeon Overview and Level Annotations

Branches:
Dungeon (3/15)              Sewer (1/1)

Altars:
Okawaru
Ru
Uskayaw
The Shining One


Innate Abilities, Weirdness & Mutations

Shadows flee at your approach. (+LOS)
You can swim through water.
You cover ground slowly.
You can hop short distances.


Message History

Press: ? - help, Shift-Dir - straight line, f/p - crocodile
Aim: a crocodile (almost dead)
The flame tongue hits the crocodile but does no damage.
The crocodile is almost dead.
You aren't carrying any items that you can evoke.
Unknown command.
It was a potion of curing.
You feel better.
You closely miss the crocodile.
The crocodile is almost dead.
The crocodile bites you!
* * * LOW HITPOINT WARNING * * *
Okay, then.
You aren't carrying any scrolls.
Unknown command.
You feel better. The crocodile bites you.
* * * LOW HITPOINT WARNING * * *
You barely miss the crocodile.
The crocodile is almost dead.
The crocodile bites you!
You die...

#############.....$[#
∩...........t.....$$#
#######.####.....$)#
#.# #......$# #.#
##.....## #.# ######
#.# #t# ##@## ##...##
##.....## #...≈...#
#..≈≈≈..# #.≈≈≈≈≈.#
#..≈≈≈..# #...≈...#
##.÷...##


You could see a crocodile.

Vanquished Creatures
  A jelly (D:3)
  An orc wizard (D:3)
  7 adders
  3 oozes
  3 worms
  3 dart slugs
  3 leopard geckos
  A giant cockroach (D:3)
  6 goblins
  6 hobgoblins
  A jackal (D:3)
  A quokka (D:2)
  3 ball pythons
  15 bats
  4 frilled lizards
  9 kobolds
  8 rats
75 creatures vanquished.

Notes
Turn   | Place    | Note
-------+----------+-------------------------------------------
     0 | D:1      | GordonOverkill the Barachi Fire Elementalist began the
                  | quest for the Orb.
     0 | D:1      | Reached XP level 1. HP: 13/13 MP: 3/3
   182 | D:1      | Reached XP level 2. HP: 8/20 MP: 0/5
   634 | D:1      | Reached XP level 3. HP: 17/25 MP: 2/6
   732 | D:1      | Learned a level 3 spell: Conjure Flame
  1511 | D:2      | Reached skill level 1 in Fighting
  1522 | D:2      | Found an iron altar of Okawaru.
  1573 | D:2      | Found a hide-covered altar of Uskayaw.
  1718 | D:2      | Reached XP level 4. HP: 32/32 MP: 4/7
  1759 | D:2      | Reached skill level 4 in Fire Magic
  2202 | D:2      | Found a glowing golden altar of the Shining One.
  2741 | D:3      | Found a sacrificial altar of Ru.
  2749 | D:3      | Reached XP level 5. HP: 34/38 MP: 0/9
  3023 | D:3      | Found a glowing drain.
  3078 | Sewer    | Entered a sewer
  3301 | Sewer    | Noticed a crocodile
  3331 | Sewer    | HP: 1/38 [crocodile (16)]
  3333 | Sewer    | Mangled by a crocodile

Levels and vault maps discovered:
D:1:      denvon_arrival_planthouse, layout_basic, serial_bayou_lagoon_b
D:2:      layout_loops_cross, eat_drink_and_be_merry_uskayaw, okawaru_trees_1,
          tso_altar
D:3:      layout_basic, nicolae_ru_great_annihilating_truth,
          gup_sewer_entry_glass
Sewer:    sewer_big_baddie

Skill      XL: |  1  2  3  4  5 |
---------------+----------------+-----
Stealth        | 2 |  2.6
Conjurations   | 2 3 |  3.4
Fighting       | 1 2 |  2.2
Fire Magic     | 4 |  4.0
Dodging        | 3 |  3.2
Spellcasting   | 3 |  3.0

Action                   |  1- 3 |  4- 6 || total
-------------------------+-------+-------++-------
Melee: Whip              |    14 |       ||    14
       Dagger            |       |    26 ||    26
Throw: Boomerang         |    46 |       ||    46
       Stone             |     9 |    56 ||    65
 Cast: Flame Tongue      |    44 |    73 ||   117
       Conjure Flame     |       |     2 ||     2
 Abil: Hop               |       |     1 ||     1
  Use: Scroll            |       |     8 ||     8
       Potion            |       |     3 ||     3
  Eat: Chunk             |     3 |     6 ||     9
Armor: Robe              |    13 |     1 ||    14
       Skin              |       |     6 ||     6
Dodge: Dodged            |    28 |    63 ||    91

Table legend:
 A = Non-vault XP
 B = Vault XP
 C = Vault XP percentage of total XP
 D = Non-vault monster count
 E = Vault monster count
 F = Vault count percentage of total count
                 A         B        C        D         E       F
            +---------+---------+-------+---------+---------+-------
      Total |     205 |     106 |  34.1 |      62 |      13 |  17.3
            +---------+---------+-------+---------+---------+-------
        D:1 |      45 |       0 |   0.0 |      23 |       0 |   0.0
        D:2 |      89 |       0 |   0.0 |      29 |       0 |   0.0
        D:3 |      71 |      99 |  58.2 |      10 |       8 |  44.4
      Sewer |       0 |       7 | 100.0 |       0 |       5 | 100.0
            +---------+---------+-------+---------+---------+-------
